 Dungeon Crawl Stone Soup version 0.22-a0-166-g5351223 (webtiles) character file.

71532 KristoblXynda the Fencer (level 14, -3/121 HPs)
             Began as a Grey Draconian Fighter on Feb 13, 2018.
             Was the Champion of Okawaru.
             Killed from afar by a rime drake (26 damage)
             ... with a flash freeze
             ... on level 4 of the Lair of Beasts.
             The game lasted 00:49:32 (22919 turns).

KristoblXynda the Fencer (Grey Draconian Fighter)  Turns: 22919, Time: 00:49:33

Health: -3/121     AC: 16    Str: 19    XL:     14   Next: 98%
Magic:  18/18      EV: 18    Int: 17    God:    Okawaru [******]
Gold:   1251       SH:  4    Dex: 11    Spells: 13/13 levels left

rFire    . . .     SeeInvis +   m - +4 great sword (flame)
rCold    . . .     Gourm    .   (shield currently unavailable)
rNeg     . . .     Faith    .   (armour unavailable)
rPois    .         Spirit   .   (helmet restricted)
rElec    .         Reflect  +   i - +1 cloak "Gauvised" {rCorr}
rCorr    +         Harm     .   A - +0 pair of gloves of Gozag's Approval {*Slow Int+4 Slay+5}
MR       ++...                  (no boots)
Stlth    ++........             h - +4 amulet of reflection
HPRegen  0.30/turn              B - ring of see invisible
MPRegen  0.16/turn              q - ring of protection from magic

@: flying
A: walk through water, unfitting armour, unbreathing, cold-blooded, AC +13
a: Heroism, Finesse, Renounce Religion


You were on level 4 of the Lair of Beasts.
You worshipped Okawaru.
Okawaru was exalted by your worship.
You were not hungry.

You visited 3 branches of the dungeon, and saw 20 of its levels.
You also visited: Bailey.

You collected 1730 gold pieces.
You spent 479 gold pieces at shops.

Inventory:

Hand Weapons
 a - a +6 double sword of holy wrath
 m - a +4 great sword of flaming (weapon)
 P - the +3 scimitar "Cyhudiud" {antimagic, Str+3 Int+4 Stlth+}
   (Okawaru gifted it to you on level 12 of the Dungeon)

   It reduces the magical energy of the wielder, and disrupts the spells and
   magical abilities of those hit.
   Natural abilities and divine invocations are not affected.
   It affects your strength (+3).
   It affects your intelligence (+4).
   It makes you more stealthy.
Missiles
 N - 12 throwing nets (quivered)
Armour
 b - a +1 shield
 i - the +1 cloak "Gauvised" (worn) {rCorr}
   (Okawaru gifted it to you on level 1 of the Lair of Beasts)

   It protects you from acid and corrosion.
 A - the +0 pair of gloves of Gozag's Approval (worn) {*Slow Int+4 Slay+5}
   (You found it on level 7 of the Dungeon)

   It affects your intelligence (+4).
   It affects your accuracy and damage with ranged weapons and melee attacks
   (+5).
   It may slow you when you take damage.
Jewellery
 h - a +4 amulet of reflection (around neck)
 q - a ring of protection from magic (right hand)
 B - a ring of see invisible (left hand)
Wands
 k - a wand of acid (14)
 n - a wand of disintegration (13)
 w - a wand of digging (16)
 z - a wand of iceblast (3)
 J - a wand of paralysis (8)
Scrolls
 f - 3 scrolls of blinking
 g - 5 scrolls of enchant armour
 j - 5 scrolls of fog
 s - 11 scrolls of remove curse
 t - 7 scrolls of teleportation
 y - 2 scrolls of amnesia
 C - a scroll of immolation
 D - 2 scrolls of magic mapping
 H - 8 scrolls of identify
 L - a scroll of fear
Potions
 c - 2 potions of brilliance
 e - 3 potions of mutation
 l - 3 potions of curing
 o - 2 potions of flight
 p - 2 potions of resistance
 r - 2 potions of invisibility
 u - 2 potions of lignification
 v - 3 potions of cancellation
 F - 2 potions of might
 G - a potion of haste
Miscellaneous
 x - a lightning rod (4/4)
 E - a sack of spiders
 I - a crystal ball of energy
 K - a phantom mirror
Comestibles
 d - 19 rations
 M - 14 chunks of flesh


   Skills:
 - Level 10.1 Fighting
 + Level 16.0 Long Blades
 - Level 12.0 Dodging
 + Level 4.1 Stealth
 + Level 11.2 Shields
 - Level 6.2 Invocations
 - Level 5.7 Evocations


You had 13 spell levels left.
You didn't know any spells.

Dungeon Overview and Level Annotations

Branches:
Dungeon (15/15)            Temple (1/1) D:5            Lair (4/6) D:8
  Swamp (0/4) Lair:2          Orc (0/2) D:9          Vaults (0/5) D:14
 Depths (0/5) D:15
  Snake: Lair:2-4    Spider: Lair:2-4

Altars:
Ashenzari
Cheibriados
Dithmenos
Elyvilon
Fedhas
Gozag
Hepliaklqana
Kikubaaqudgha
Makhleb
Nemelex Xobeh
Okawaru
Qazlal
Ru
Sif Muna
Trog
Uskayaw
Vehumet
Wu Jian
Xom
Yredelemnul
Zin
The Shining One

Shops:
D:7 (   D:10 ?   D:15 *


Innate Abilities, Weirdness & Mutations

You can walk through water.
Your dull iron-grey scales are very hard. (AC +13)
You cannot fit into any form of body armour.
You can survive without breathing.
You are cold-blooded and may be slowed by cold attacks.


Message History

You slice the soldier ant!! You burn the soldier ant.
The soldier ant is severely wounded.
You feel sick. The soldier ant stings you.
* * * LOW HITPOINT WARNING * * *
You are lethally poisoned!
The soldier ant poisons you!
You slice the soldier ant!! You burn the soldier ant.
You kill the soldier ant!
Okawaru accepts your kill.
* * * LOW HITPOINT WARNING * * *
You feel sick.
A soldier ant comes into view.
You feel better.
The soldier ant moves out of view.
A soldier ant comes into view.
You see here a worker ant corpse.
A hydra and a rime drake come into view.
The seven-headed hydra roars!
The rime drake hisses angrily.
The rime drake breathes ice at you. The flash freeze hits you!
You die...

#........#.###
.........!.. ..
........... .. #
##.......... . .. .
#P..P......# .#...D.
##...P...####...#.#
...#............. ..#..
..a......#####.##?...#.
......a...†.†..@.......
......##..?.####.......
....## ###### kP##..#
.## ### #


You could see a seven-headed hydra and a rime drake.

Vanquished Creatures
  An entropy weaver (Lair:4)
  A fire dragon (D:15)
  Josephine (D:11)
  4 vault guards (D:14)
  Fannar (D:11)
  An ice dragon (D:15)
  4 hydras
  The ghost of Slobodan the Grappler, a journeyman VSTm of Uskayaw (Lair:2)
  3 centaur warriors
  2 tengu warriors (D:15)
  6 two-headed ogres
  The ghost of Duffy the Arsonist, a novice DEFE of Vehumet (D:9)
  3 unseen horrors
  2 wizards (D:14)
  A lindwurm (Lair:3)
  Pikel (D:9)
  A deep elf mage (D:15)
  A wolf spider zombie (D:15)
  3 orc knights
  An orc sorcerer (D:15)
  2 oklob plants (Lair:1)
  17 ugly things
  2 manticores
  3 cyclopes
  A molten gargoyle (D:14)
  2 centaur zombies
  A gargoyle (D:14)
  A black mamba (Lair:3)
  8 komodo dragons
  A kobold demonologist (D:13)
  6 spiny frogs
  A rime drake (Lair:3)
  A tengu conjurer (D:14)
  A troll (D:9)
  2 polar bears (Lair:3)
  A queen bee (shapeshifter) (D:14)
  Grinder (D:6)
  Prince Ribbit (D:6)
  A hornet (D:14)
  7 hippogriffs
  5 blink frogs (Lair:2)
  A centaur simulacrum (D:14)
  7 wraiths
  A vampire (D:14)
  3 basilisks
  The ghost of KristoblXynda the Slasher, an amateur DrFi of Gozag (D:4)
  A fire elemental (D:14)
  A wyvern (D:12)
  18 yaks
  A hungry ghost (D:12)
  9 vampire mosquitoes
  A warg (D:15)
  2 acid dragons
  10 soldier ants (Lair:4)
  A water moccasin (D:12)
  14 orc warriors
  6 porcupines
  A swamp drake (Lair:2)
  4 ice beasts
  A slave (D:9)
  6 sky beasts
  A phantom (D:4)
  2 black bears
  8 ogres
  3 centaurs
  9 crocodiles
  15 big kobolds
  Blork the orc (D:6)
  12 gnoll sergeants
  13 bullfrogs
  4 scorpions
  2 howler monkeys
  10 crimson imps
  4 jellies
  2 quasits
  3 centaur skeletons
  2 bullfrog zombies
  5 hounds
  7 orc priests
  17 orc wizards
  6 bullfrog skeletons
  2 hell rats (Lair:1)
  6 gnoll shamans (Bailey)
  5 iguanas
  Natasha (thrice) (D:2)
  14 worker ants
  A killer bee zombie (D:7)
  A hound skeleton (D:7)
  A howler monkey zombie (D:10)
  Robin (D:2)
  2 howler monkey skeletons
  11 adders
  16 gnolls
  9 river rats (Lair:1)
  2 shadow imps
  3 oozes
  4 worms
  2 dart slugs
  5 leopard geckos
  74 orcs
  2 ball pythons (D:3)
  9 bats
  3 giant cockroaches
  15 goblins
  12 hobgoblins
  4 jackals (D:1)
  28 kobolds
  7 quokkas
  A ball python zombie (D:3)
  10 frilled lizards
  A jackal zombie (D:6)
  A leopard gecko zombie (D:4)
  A quokka zombie (D:7)
  7 rats
  A plant (Lair:1)
583 creatures vanquished.

Vanquished Creatures (others)
  A deep elf archer (D:14)
  A cyclops (D:15)
  A yaktaur (D:14)
  A centaur (D:13)
  An iguana (Lair:2)
  A worker ant zombie (D:9)
  2 orcs
  A kobold (D:13)
  4 fungi
  2 plants (Lair:2)
15 creatures vanquished.

Grand Total: 598 creatures vanquished

Notes
Turn   | Place    | Note
-------+----------+-------------------------------------------
     0 | D:1      | KristoblXynda the Draconian Fighter began the quest for the Orb.
     0 | D:1      | Reached XP level 1. HP: 19/19 MP: 1/1
    37 | D:1      | Reached XP level 2. HP: 11/26 MP: 2/2
   667 | D:1      | Reached XP level 3. HP: 31/31 MP: 3/3
   829 | D:2      | Reached skill level 3 in Long Blades
   875 | D:2      | Found a sacrificial altar of Ru.
   922 | D:2      | Noticed Robin
   946 | D:2      | Killed Robin
  1080 | D:2      | Reached XP level 4. HP: 33/38 MP: 4/4
  1240 | D:2      | Noticed Natasha
  1252 | D:2      | Killed Natasha
  1269 | D:2      | Noticed Natasha
  1276 | D:2      | Killed Natasha
  1302 | D:2      | Noticed Natasha
  1685 | D:2      | Found a faded altar of an unknown god.
  1691 | D:2      | Killed Natasha
  1691 | D:2      | Reached skill level 4 in Long Blades
  1691 | D:2      | Reached XP level 5. HP: 34/45 MP: 5/5
  2734 | D:4      | Reached XP level 6. HP: 17/51 MP: 6/6
  2754 | D:4      | Noticed KristoblXynda's ghost (amateur DrFi)
  3097 | D:4      | Killed KristoblXynda's ghost
  3097 | D:4      | Reached skill level 5 in Long Blades
  3370 | D:4      | Your scales start taking on a dull iron-grey colour.
  3370 | D:4      | Reached XP level 7. HP: 44/57 MP: 7/7
  3370 | D:4      | Gained mutation: You can survive without breathing. [Grey Draconian growth]
  3567 | D:4      | Reached skill level 6 in Long Blades
  3639 | D:4      | Reached skill level 5 in Shields
  3868 | D:4      | Found a basalt altar of Yredelemnul.
  3869 | D:4      | Found a shadowy altar of Dithmenos.
  3893 | D:5      | Entered Level 5 of the Dungeon
  3902 | D:5      | Found a staircase to the Ecumenical Temple.
  3917 | Temple   | Entered the Ecumenical Temple
  4041 | Temple   | Became a worshipper of Warmaster Okawaru
  4664 | D:5      | Found an ancient bone altar of Kikubaaqudgha.
  4666 | D:5      | Found a blossoming altar of Fedhas.
  5208 | D:6      | Noticed Grinder
  5211 | D:6      | Reached skill level 5 in Dodging
  5216 | D:6      | Paralysed by Grinder for 2 turns
  5222 | D:6      | Killed Grinder
  5222 | D:6      | Reached * piety under Okawaru
  5222 | D:6      | Reached skill level 7 in Long Blades
  5222 | D:6      | Reached XP level 8. HP: 60/63 MP: 8/8
  5784 | D:6      | Reached skill level 8 in Long Blades
  5921 | D:6      | Noticed Prince Ribbit
  5939 | D:6      | Killed Prince Ribbit
  5939 | D:6      | Reached ** piety under Okawaru
  5983 | D:6      | Reached XP level 9. HP: 62/70 MP: 9/9
  6350 | D:6      | Noticed Blork the orc
  6363 | D:6      | Killed Blork the orc
  6384 | D:7      | Found Muxah's Weapon Shoppe.
  6393 | D:7      | Bought a +2 great sword of flaming for 284 gold pieces
  6567 | D:7      | Got a pair of dazzling gloves
  6581 | D:7      | Reached skill level 9 in Long Blades
  6593 | D:7      | Identified the +0 pair of gloves of Gozag's Approval {*Slow Int+4 Slay+5} (You found it on level 7 of the Dungeon)
  7104 | D:7      | Reached *** piety under Okawaru
  7327 | D:7      | Found a shimmering altar of Xom.
  7338 | D:7      | Found a radiant altar of Vehumet.
  7373 | D:7      | Reached skill level 10 in Long Blades
  7565 | D:8      | Noticed a death knight
  7565 | D:8      | Noticed a freezing wraith
  7565 | D:8      | Noticed a skeletal warrior
  8197 | D:8      | Found a deep blue altar of Sif Muna.
  8197 | D:8      | Found a hazy altar of Hepliaklqana.
  8197 | D:8      | Found a glowing silver altar of Zin.
  8197 | D:8      | Found a hide-covered altar of Uskayaw.
  8203 | D:8      | Found a glowing golden altar of the Shining One.
  8230 | D:8      | Found a sparkling altar of Nemelex Xobeh.
  8231 | D:8      | Found a bloodstained altar of Trog.
  8290 | D:8      | Noticed a freezing wraith
  8362 | D:9      | Noticed Duffy's ghost (novice DEFE)
  8380 | D:9      | Killed Duffy's ghost
  8380 | D:9      | Reached **** piety under Okawaru
  8380 | D:9      | Received a gift from Okawaru
  8380 | D:9      | Reached XP level 10. HP: 47/77 MP: 10/10
  8651 | D:9      | Reached skill level 11 in Long Blades
  8881 | D:9      | Noticed Pikel
  8894 | D:9      | Killed Pikel
  9161 | D:9      | Found a staircase to the Orcish Mines.
  9620 | D:10     | Entered Level 10 of the Dungeon
  9620 | D:10     | Noticed an unseen horror
  9620 | D:10     | Noticed a two-headed ogre
  9636 | D:10     | Killed a two-headed ogre
  9636 | D:10     | Reached skill level 5 in Fighting
  9636 | D:10     | Reached skill level 12 in Long Blades
  9931 | D:10     | Killed an unseen horror
  9931 | D:10     | Reached ***** piety under Okawaru
 10232 | D:10     | Reached XP level 11. HP: 89/89 MP: 11/11
 10503 | D:10     | You fall through a shaft for 3 floors!
 10516 | D:13     | Noticed a centaur warrior
 10541 | D:13     | Killed a centaur warrior
 10833 | D:13     | Noticed a two-headed ogre
 10841 | D:13     | Killed a two-headed ogre
 10841 | D:13     | Reached skill level 13 in Long Blades
 11313 | D:14     | Reached skill level 5 in Evocations
 11313 | D:14     | Reached XP level 12. HP: 100/100 MP: 11/16
 11478 | D:14     | Reached ****** piety under Okawaru
 11610 | D:14     | Noticed a four-headed hydra
 11679 | D:14     | Received a gift from Okawaru
 11858 | D:14     | Killed a one-headed hydra
 11904 | D:14     | Noticed a two-headed ogre
 11913 | D:14     | Killed a two-headed ogre
 12231 | D:14     | Noticed a centaur warrior
 12239 | D:14     | Killed a centaur warrior
 12520 | D:14     | Reached skill level 14 in Long Blades
 12555 | D:14     | Reached XP level 13. HP: 107/108 MP: 17/17
 12565 | D:14     | Reached skill level 10 in Dodging
 13308 | D:14     | Received a gift from Okawaru
 13437 | D:14     | Found a gate to the Vaults.
 14221 | D:15     | Entered Level 15 of the Dungeon
 14371 | D:15     | Noticed a fire dragon
 14505 | D:15     | Killed a fire dragon
 14520 | D:15     | Found a staircase to the Depths.
 14752 | D:15     | Found Wosat's General Store.
 15403 | D:15     | Reached skill level 10 in Fighting
 15964 | D:15     | Received a gift from Okawaru
 16001 | D:15     | Reached XP level 14. HP: 45/121 MP: 18/18
 16006 | D:15     | Got a twisted spear {god gift}
 16093 | D:15     | Identified the +1 spear of the Eggplant {speed, rC+ Int+4} (Okawaru gifted it to you on level 15 of the Dungeon)
 16109 | D:15     | Reached skill level 15 in Long Blades
 17531 | D:12     | Received a gift from Okawaru
 17536 | D:12     | Got a smoking scimitar {god gift}
 17537 | D:12     | Identified the +3 scimitar "Cyhudiud" {antimagic, Str+3 Int+4 Stlth+} (Okawaru gifted it to you on level 12 of the Dungeon)
 17763 | D:11     | Noticed Fannar
 17785 | D:11     | Killed Fannar
 18082 | D:11     | Found a flagged portal.
 18094 | Bailey   | Entered a bailey
 18291 | Bailey   | Reached skill level 10 in Shields
 18827 | D:11     | Noticed Josephine
 18839 | D:11     | Killed Josephine
 19554 | D:10     | Found Bupiosos's Magic Scroll Shop.
 19559 | D:10     | Bought 2 scrolls of magic mapping for 70 gold pieces
 19559 | D:10     | Bought a scroll of identify for 20 gold pieces
 19559 | D:10     | Bought a scroll of enchant armour for 75 gold pieces
 19559 | D:10     | Bought a scroll of teleportation for 30 gold pieces
 19679 | D:8      | Found a staircase to the Lair.
 19721 | Lair:1   | Entered Level 1 of the Lair of Beasts
 20182 | Lair:1   | Received a gift from Okawaru
 20187 | Lair:1   | Got a twisted cloak {god gift}
 20198 | Lair:1   | Identified the +1 cloak "Gauvised" {rCorr} (Okawaru gifted it to you on level 1 of the Lair of Beasts)
 20939 | Lair:2   | Reached skill level 1 in Stealth
 21486 | Lair:2   | Noticed Slobodan's ghost (journeyman VSTm)
 21497 | Lair:2   | Killed Slobodan's ghost
 21528 | Lair:2   | Found a staircase to the Swamp.
 22856 | Lair:4   | Reached skill level 16 in Long Blades
 22882 | Lair:4   | Noticed an entropy weaver
 22884 | Lair:4   | Noticed an entropy weaver
 22892 | Lair:4   | Killed an entropy weaver
 22919 | Lair:4   | Killed from afar by a rime drake

Vault maps used:
D:1:      dpeg_arrival_connections, st_stairs_12
D:2:      lemuel_round_altar, chequers_ecumenical_altar_island, uniq_natasha,
          uniq_robin
D:4:      gammafunk_temple_overflow_statue, minmay_goblin_outpost
D:5:      grunt_temple_overflow_growth_and_decay, minmay_temple_entry_trees,
          first_ration
D:6:      kennysheep_generic_room_16, uniq_grinder, uniq_prince_ribbit1,
          uniq_blork_the_orc
D:7:      kennysheep_mini, serial_shops, shop, basic_altar, grunt_tough_drop
D:8:      lemuel_crystal_altar, grunt_temple_overflow_open,
          grunt_lair_entry_orc_guard_hut, dk_noncrumbling_4
D:9:      kennysheep_orc_monster_closet_entryway, hangedman_glass_teeth,
          uniq_pikel
D:10:     serial_shops, shop
D:11:     enter_bailey_1, uniq_josephine, uniq_fannar
D:13:     grunt_pizzeria, minmay_misc_feat_room, grunt_ministairs_2,
          st_stairs_7, minmay_misc_feat_cross
D:14:     grunt_vaults_entry_fortified, kennysheep_cross_room
D:15:     grunt_enter_depths_hoard, serial_park_gazebo, serial_shops, shop
Temple:   nicolae_temple_figure_zero
Lair:1:   kennysheep_rathole, minmay_lair_oklob_chamber
Lair:2:   minmay_swamp_entry_reptiles
Lair:3:   lemuel_fruit_tree
Lair:4:   nicolae_spider_entry_orb_guardian, minivault_26, minivault_29
Bailey:   bailey_polearm_gnolls_kennysheep, bailey

Skill      XL: |  1  2  3  4  5  6  7  8  9 10 11 12 13 14 |
---------------+-------------------------------------------+-----
Dodging        | 3 4 5 6 7 8 9 11 12 | 12.0
Long Blades    | 3 4 5 7 8 10 12 13 14 16 | 16.0
Shields        | 4 5 6 9 11 | 11.2
Fighting       | 5 7 8 10 | 10.1
Invocations    | 6 |  6.2
Evocations     | 5 |  5.7
Stealth        | 4 |  4.1

Action                   |  1- 3 |  4- 6 |  7- 9 | 10-12 | 13-15 || total
-------------------------+-------+-------+-------+-------+-------++-------
Melee: Long sword        |    87 |   191 |   367 |   147 |       ||   792
       Tailslap          |     9 |    24 |    58 |    81 |   132 ||   304
       Great sword       |       |       |    54 |    16 |   233 ||   303
       Scimitar          |       |       |       |   277 |   547 ||   824
Evoke: Wand              |       |       |     6 |     6 |    10 ||    22
  Use: Scroll            |       |     6 |    16 |    12 |    11 ||    45
       Potion            |       |     3 |     6 |     1 |     6 ||    16
 Stab: Distracted        |       |     1 |       |       |       ||     1
       Sleeping          |       |       |       |     1 |     5 ||     6
       Petrified         |       |       |       |       |     1 ||     1
       Paralysed         |       |       |       |       |     1 ||     1
  Eat: Chunk             |       |     5 |     4 |     7 |    12 ||    28
       Ration            |       |     1 |     4 |     2 |     6 ||    13
Armor: Skin              |    28 |    60 |   173 |    96 |   128 ||   485
Dodge: Dodged            |    42 |    91 |   198 |   165 |   374 ||   870
       Deflected         |       |       |       |     1 |     8 ||     9
Block: Shield            |    37 |    33 |   220 |   325 |   403 ||  1018
       Buckler           |     1 |    33 |       |       |       ||    34
       Reflection        |       |       |       |    16 |    19 ||    35
       Other             |       |       |       |     2 |    32 ||    34
       Rpst.: Long sword |    14 |    36 |    43 |    17 |       ||   110
       Great sword       |       |       |    12 |     3 |    36 ||    51
       Scimitar          |       |       |       |    25 |    56 ||    81

Table legend:
 A = Spawn XP
 B = Non-spawn XP
 C = Spawn XP percentage of total XP
 D = Spawn monster count
 E = Non-spawn monster count
 F = Spawn count percentage of total count
 G = Total turns spent on level
                    A         B        C        D         E        F      G
               +---------+---------+-------+---------+---------+-------+---------
         Total |       0 |   88605 |   0.0 |       0 |     587 |   0.0 | 22919
               +---------+---------+-------+---------+---------+-------+---------
           D:1 |       0 |      42 |   0.0 |       0 |      23 |   0.0 |   783
           D:2 |       0 |     174 |   0.0 |       0 |      23 |   0.0 |  1091
           D:3 |       0 |     125 |   0.0 |       0 |      32 |   0.0 |  1137
           D:4 |       0 |     744 |   0.0 |       0 |      42 |   0.0 |   882
           D:5 |       0 |     240 |   0.0 |       0 |       7 |   0.0 |   965
           D:6 |       0 |    1733 |   0.0 |       0 |      31 |   0.0 |  1392
           D:7 |       0 |    1264 |   0.0 |       0 |      27 |   0.0 |  1526
           D:8 |       0 |     553 |   0.0 |       0 |      20 |   0.0 |   489
           D:9 |       0 |    3997 |   0.0 |       0 |      40 |   0.0 |  1611
          D:10 |       0 |    3160 |   0.0 |       0 |      41 |   0.0 |   761
          D:11 |       0 |    7192 |   0.0 |       0 |      31 |   0.0 |  1026
          D:12 |       0 |    4749 |   0.0 |       0 |      23 |   0.0 |   936
          D:13 |       0 |    4736 |   0.0 |       0 |      31 |   0.0 |   816
          D:14 |       0 |   19879 |   0.0 |       0 |      53 |   0.0 |  3250
          D:15 |       0 |   18549 |   0.0 |       0 |      41 |   0.0 |  2235
        Lair:1 |       0 |    4312 |   0.0 |       0 |      26 |   0.0 |  1093
        Lair:2 |       0 |    4729 |   0.0 |       0 |      18 |   0.0 |  1031
        Lair:3 |       0 |    5182 |   0.0 |       0 |      15 |   0.0 |   828
        Lair:4 |       0 |    6059 |   0.0 |       0 |      33 |   0.0 |   246
        Bailey |       0 |    1186 |   0.0 |       0 |      30 |   0.0 |   687
               +---------+---------+-------+---------+---------+-------+---------
